 Dungeon Crawl Stone Soup version 0.18-b1-10-g3f7de93 (webtiles) character file.

151 SkaryMonk the Sneak (level 5, -1/35 HPs)
             Began as an Octopode Assassin on Apr 29, 2016.
             Was an Initiate of Pakellas.
             Slain by an orc
             ... wielding a +0 club
              (4 damage)
             ... on level 3 of the Dungeon.
             The game lasted 00:30:44 (1928 turns).

SkaryMonk the Sneak (Octopode Assassin)             Turns: 1928, Time: 00:30:45

Health: -1/35      AC:  1    Str: 10    XL:     5   Next: 33%
Magic:  5/5        EV: 12    Int: 13    God:    Pakellas [......]
Gold:   129        SH:  0    Dex: 15    Spells: 0 memorised, 4 levels left

rFire  . . .     SeeInvis .     a - +2 dagger
rCold  . . .     Gourm    .     (no shield)
rNeg   . . .     Faith    .     (helmet restricted)
rPois  .         Spirit   .     (no amulet)
rElec  .         Dismiss  .     (no ring)
rCorr  .         Reflect  .     (no ring)
SustAt .         Harm     .     (no ring)
MR     .....                    (no ring)
Stlth  ++++......               (no ring)
                                (no ring)
                                (no ring)
                                (no ring)

@: about to teleport, not resistant to hostile enchantments, stealthy
A: almost no armour, amphibious, 8 rings, constrict 8, camouflage 1, gelatinous
body 1
a: Renounce Religion


You were on level 3 of the Dungeon.
You worshipped Pakellas.
Pakellas was noncommittal.
You were not hungry.

You visited 1 branch of the dungeon, and saw 3 of its levels.

You collected 129 gold pieces.

Notes
Turn   | Place    | Note
--------------------------------------------------------------
     0 | D:1      | SkaryMonk the Octopode Assassin began the quest for the Orb.
     0 | D:1      | Reached XP level 1. HP: 14/14 MP: 1/1
   202 | D:1      | Reached XP level 2. HP: 17/19 MP: 2/2
   563 | D:1      | You fall through a shaft!
   625 | D:2      | Reached XP level 3. HP: 21/25 MP: 3/3
  1298 | D:2      | Reached XP level 4. HP: 28/30 MP: 4/4
  1360 | D:2      | Found an oddly glowing altar of Pakellas.
  1364 | D:2      | Became a worshipper of Pakellas the Inventive
  1456 | D:2      | Found a snail-covered altar of Cheibriados.
  1545 | D:3      | Noticed juanjsm's ghost (amateur SpVM)
  1703 | D:3      | Noticed Natasha
  1704 | D:3      | Found a faded altar to an unknown god.
  1809 | D:3      | Reached XP level 5. HP: 25/35 MP: 5/5
  1928 | D:3      | Slain by an orc

Inventory:

Hand Weapons
 a - a +2 dagger (weapon)
 b - a +0 blowgun
Missiles
 c - 8 poisoned needles
 d - 2 curare-tipped needles
Armour
 v - a +0 hat
Jewellery
 u - a +6 ring of strength {unknown}
Scrolls
 e - 3 scrolls of identify
 i - 2 scrolls of remove curse {unknown}
 k - a scroll of blinking {unknown}
 l - a scroll of noise {unknown}
 q - 3 scrolls of teleportation
Potions
 h - a potion of cure mutation {unknown}
 j - a potion of agility {unknown}
 m - a potion of curing {unknown}
 o - a potion of magic {unknown}
 p - a potion of haste {unknown}
 s - a potion of brilliance {unknown}
 t - a potion of might {unknown}
 w - a potion of mutation {unknown}
 x - a potion of lignification {unknown}
Comestibles
 f - 4 bread rations
 g - 3 chunks of flesh
 n - 5 fruits
 r - 3 meat rations

Table legend:
 A = Turns spent in this place as a percentage of turns spent in the entire game.
 B = Non-inter-level travel turns spent in this place as a percentage of non-inter-level travel turns spent in the entire game.
 C = Inter-level travel turns spent in this place as a percentage of turns spent in this place.
 D = Turns resting spent in this place as a percentage of non-inter-level travel turns spent in this place.
 E = Turns spent auto-exploring this place as a percentage of non-inter-level travel turns spent in this place.
 F = Non-inter-level travel turns spent in this place divided by the number of levels of this place that you've seen.
                   A       B       C       D       E      F
               +-------+-------+-------+-------+-------+----------------------
         Total | 100.0 | 100.0 |   0.7 |   0.0 |  19.0 | 147.0
       Dungeon | 100.0 | 100.0 |   0.7 |   0.0 |  19.0 | 147.0
               +-------+-------+-------+-------+-------+----------------------


   Skills:
 - Level 2.4 Fighting
 + Level 4.6 Short Blades
 - Level 2.3 Throwing
 - Level 1.4 Dodging
 - Level 5.6 Stealth


You had 4 spell levels left.
You didn't know any spells.

Dungeon Overview and Level Annotations

Branches:
Dungeon (3/15)

Altars:
Cheibriados
Pakellas

Annotations:
D:3 Natasha; juanjsm's ghost, amateur SpVM


Innate Abilities, Weirdness & Mutations

You cannot wear most types of armour.
You are amphibious.
You can wear up to eight rings at the same time.
You can use your tentacles to constrict eight enemies at once.
Your skin changes colour to match your surroundings (Stealth).
Your rubbery body absorbs attacks (AC +1).


Message History

You hit Natasha.
Natasha is moderately wounded.
You constrict Natasha.
Read which item? (? for menu, Esc to quit)
As you read the scroll labeled OWKUJI WOKYCVU, it crumbles to dust.
It is a scroll of identify.
Identify which item? (\ to view known items) (? for menu, Esc to quit)
q - 4 scrolls of teleportation You constrict Natasha.
The orc closely misses you. Natasha barely misses you. The orc misses you.
Read which item? (? for menu, Esc to quit)
As you read the scroll of teleportation, it crumbles to dust.
You feel strangely unstable.
You constrict Natasha. The orc hits you with a short sword.
* * * LOW HITPOINT WARNING * * *
Natasha claws you.
* * * LOW HITPOINT WARNING * * *
The orc hits you with a club.
You die...
Pakellas says: That's one more possible approach eliminated.

.....##.....# #.#
##...###.# ..## #.......#
...# ##.########
##.######........#
...........#####.#
...##.##.#.#####)# #####
...##.##.#.##..oo# #....
......##.#.##.##@#
#####.###
#..#####.#.##.##h#
#.......#
#..#####.#.....5o##
#.###.#.# .........###
#.(.#######.# #.#.#
...#####........#.........#
#.... ...#
........######### ###.#
...# #.....### #.# ...####
#.##.. #.# ........ # #.
#.#


You could see Natasha, a shadow imp and 3 orcs.

Table legend:
 A = Kills in this place as a percentage of kills in entire the game.
 B = Kills by you in this place as a percentage of kills by you in the entire game.
 C = Kills by friends in this place as a percentage of kills by friends in the entire game.
 D = Other kills in this place as a percentage of other kills in the entire game.
 E = Experience gained in this place as a percentage of experience gained in the entire game.
 F = Experience gained in this place divided by the number of levels of this place that you have seen.
                   A       B       C       D       E      F
               +-------+-------+-------+-------+-------+----------------------
         Total | 100.0 | 100.0 |  -nan |  -nan | 100.0 |  72.3
       Dungeon | 100.0 | 100.0 |  -nan |  -nan | 100.0 |  72.3
               +-------+-------+-------+-------+-------+----------------------

Vanquished Creatures
  An orc wizard (D:3)
  7 adders
  A dart slug (D:1)
  2 giant geckos
  3 orcs (D:3)
  A ball python (D:1)
  2 giant cockroaches (D:1)
  10 goblins
  4 hobgoblins
  8 kobolds
  6 bats
  7 giant newts
  3 rats
55 creatures vanquished.

Action                   |  1- 3 |  4- 6 || total
-------------------------+-------+-------++-------
Melee: Dagger            |    42 |    50 ||    92
       Constrict         |     9 |    15 ||    24
       Tentacles         |     4 |     8 ||    12
 Fire: Blowgun           |     3 |       ||     3
  Use: Scroll            |       |     2 ||     2
 Stab: Sleeping          |    16 |     9 ||    25
  Eat: Chunk             |     1 |     2 ||     3
Armor: Skin              |       |     5 ||     5
Dodge: Dodged            |     8 |    32 ||    40

Vault maps used:
D:1:      dpeg_arrival_rooms_with_view
D:2:      marbit_many_paths, grunt_pakellas_basics
D:3:      ecumenical_altar_2, uniq_natasha
